 Dungeon Crawl Stone Soup version bcrawl-1.31.4 (webtiles) character file.

Game seed: 16630709540246496081

150697 Morbidden the Sneak (level 4, -1/35 HPs)
             Began as a Demonspawn Archaeologist on June 13, 2021.
             Killed from afar by Sigmund (8 damage)
             ... with a magic dart
             ... on level 2 of the Dungeon.
             The game lasted 00:02:55 (1937 turns).

Morbidden the Sneak (Demonspawn Archaeologist)      Turns: 1937, Time: 00:02:56

Health: -1/35      AC: 12    Str: 16    XL:     4   Next: 77%
Magic:  0/5        EV: 13    Int: 15    God:
Gold:   57         SH:  0    Dex: 11    Spells: 4/4 levels left

rFire    . . .     SeeInvis .   b - +0 blowgun
rCold    . . .     Gourm    .   (no shield)
rNeg     . . .     Faith    .   c - +1 robe
rPois    .         Spirit   +   d - +1 hat
rElec    .         Reflect  .   (no cloak)
rCorr    .         Harm     .   (no gloves)
MR       .....                  j - +1 pair of boots
Stlth    ++........             (no amulet)
HPRegen  0.11/turn              l - +3 ring of strength
MPRegen  0.09/turn              (no ring)

@: sanguine armour
A: magic shield, sanguine armour 1
a: no special abilities


You were on level 2 of the Dungeon.
You were hungry.

You visited 1 branch of the dungeon, and saw 2 of its levels.

You collected 57 gold pieces.

Inventory:

Hand Weapons
 a - a +0 whip
 b - a +0 blowgun (weapon)
 k - a +1 spear of venom
Missiles
 f - a curare-tipped needle (quivered)
 m - 53 poisoned needles
 r - 52 javelins
Armour
 c - a +1 robe (worn)
 d - a +1 hat (worn)
 j - a +1 pair of boots (worn)
Jewellery
 l - a +3 ring of strength (left hand)
Scrolls
 g - a scroll of magic mapping
 i - 2 scrolls of identify
 n - a scroll of teleportation
 p - a scroll of remove curse {unknown}
Potions
 q - a potion of heal wounds {unknown}
Miscellaneous
 h - a dusty tome
Comestibles
 e - 3 rations {!d}


   Skills:
 * Level 3.5 Fighting
 + Level 1.0 Maces & Flails
 + Level 3.1 Dodging
 + Level 3.6 Stealth
 * Level 0.7 Spellcasting


You had 4 spell levels left.
You didn't know any spells.
Your spell library was empty.

Dungeon Overview and Level Annotations

Branches:
Dungeon (2/12)

Altars:

Annotations:
D:2 Sigmund


Innate Abilities, Weirdness & Mutations

When hurt, damage is shared between your health and your magic reserves.
When seriously injured, your bleeding wounds create armour. (AC +6)


Message History

The curare-tipped needle closely misses Sigmund.
Sigmund hits you from afar with a +0 scythe.
No path to travel!
Unknown command.
Unknown command.
Unknown command.
Press: ? - help, v - describe, . - travel
Here: Sigmund, wielding a +0 scythe and wearing a +2 robe (unusually resistant) Unknown command.
Sigmund hits you from afar with a +0 scythe!
* * * LOW HITPOINT WARNING * * *
Unknown command.
Unknown command.
Unknown command.
Things that are here:
a +0 club; 2 chunks of flesh; a hobgoblin skeleton Sigmund says, "Now you see me, now you don't..."
Sigmund casts a spell at you. The magic dart hits you!
You die...

#..........# #.#
#....♣.♣.♣.♣##+##### ..
#....@.............###.#
###.######..............
#.@# #............#. ##)##
#..$.........#. ##...##
#............#.
###.....###............#.
###....8..@.###..........#.
#.............#..........#.
#!>...###...<.#............
#...### ###...#....(..###..
##### #####.......# #..
######### #.. #.. #.. #..


You could see Sigmund.

Vanquished Creatures
  A hound (D:2)
  3 gnolls (D:2)
  An adder (D:2)
  An ooze (D:2)
  2 dart slugs
  3 leopard geckos
  6 bats
  3 giant cockroaches (D:1)
  4 goblins (D:1)
  4 hobgoblins
  A jackal (D:1)
  A quokka (D:2)
  A ball python (D:2)
  3 frilled lizards
  4 kobolds
  5 rats
43 creatures vanquished.

Notes
Turn   | Place    | Note
-------+----------+-------------------------------------------
     0 | D:1      | Morbidden the Demonspawn Archaeologist began the quest for
                  | the Orb.
     0 | D:1      | Reached XP level 1. HP: 15/15 MP: 1/1
   163 | D:1      | Gained mutation: When seriously injured, your bleeding
                  | wounds create armour. (AC +6) [demonic ancestry]
   163 | D:1      | Reached XP level 2. HP: 21/21 MP: 2/2
  1181 | D:2      | Gained mutation: When hurt, damage is shared between your
                  | health and your magic reserves. [demonic ancestry]
  1181 | D:2      | Reached XP level 3. HP: 26/26 MP: 3/3
  1343 | D:2      | Reached XP level 4. HP: 34/34 MP: 4/4
  1410 | D:2      | Noticed Sigmund
  1622 | D:2      | Reached skill level 1 in Maces & Flails
  1937 | D:2      | Killed from afar by Sigmund

Skill      XL: |  1  2  3  4 |
---------------+-------------+-----
Dodging        | 3 |  3.1
Fighting       | 2 3 |  3.5
Maces & Flails | 1 |  1.0
Stealth        | |  3.6
Spellcasting   | |  0.7

Action                   |  1- 3 |  4- 6 || total
-------------------------+-------+-------++-------
Melee: Whip              |    36 |    15 ||    51
 Fire: Blowgun           |    87 |    66 ||   153
  Use: Scroll            |     1 |     1 ||     2
 Stab: Sleeping          |     4 |       ||     4
  Eat: Chunk             |     5 |     3 ||     8
Armor: Robe              |    32 |    17 ||    49
Dodge: Dodged            |    56 |    20 ||    76
